 Dungeon Sprint DCSS version 0.26-a0-846-gcc8f1ee719 (webtiles) character file.

Game seed: 4428819076630349102

270229 rocky1 the Gargoyle Barricade (level 20, -6/147 HPs)
             Began as a Gargoyle Earth Elementalist on Nov 20, 2020.
             Was a High Priest of Sif Muna.
             Killed from afar by a Hell Sentinel (48 damage)
             ... with damnation
             ... in the Dungeon (Sprint VII: "The Pits").
             The game lasted 01:58:07 (13059 turns).

rocky1 the Gargoyle Barricade (GrEE)               Turns: 13059, Time: 01:58:09

Health: -6/147     AC: 42    Str: 15    XL:     20   Next: 60%
Magic:  38/58      EV: 22    Int: 29    God:    Sif Muna [*****.]
Gold:   254        SH: 29    Dex: 13    Spells: 31/68 levels left

rFire    + + +     SeeInvis .   b - +9 mace of Boeffagh {pain, rF++ rC+++ Dex-3}
rCold    + + +     Faith    .   S - +4 tower shield
rNeg     + . .     Spirit   .   P - +4 troll leather armour
rPois    ∞         Reflect  .   r - +3 hat of Pondering {ponderous, MR+ MP+10 Int+5}
rElec    +         Harm     .   A - +4 dragonskin cloak
rCorr    .         Rampage  .   z - +2 pair of gloves {Dex+3}
MR       ++++.     NoTele   +   s - +2 pair of boots
Stlth    ++++......             K - amulet "Zypiv" {RegenMP rF+ Stlth+}
HPRegen  0.74/turn              i - ring "Usoitalin" {*Contam rElec MR+ Str+2 Dex+3 Slay+5}
MPRegen  0.61/turn              F - ring "Fofolyh" {Wiz +Fly MR+ Stlth+}

@: slow
A: big wings, deterioration 1, negative energy resistance 1, electricity
resistance, unbreathing, petrification resistance, rot immunity, subdued magic
1, AC +15
}: 1/3 runes: silver
a: Fly, Channel Magic, Forget Spell, Divine Exegesis, Renounce Religion, Evoke
Flight


You were in the Dungeon.
You worshipped Sif Muna.
Sif Muna was extremely pleased with you.
You visited 1 branch You collected 254 gold pieces.

Inventory:

Hand Weapons
 a - a +9 whip of holy wrath
 b - the +9 mace of Boeffagh (weapon) {pain, rF++ rC+++ Dex-3}
   (You took it off a death knight in the Dungeon)

   In the hands of one skilled in necromantic magic, it inflicts extra damage on
   living creatures.
   It affects your dexterity (-3).
   It greatly protects you from fire.
   It renders you almost immune to cold.
 D - the +11 broad axe of Idasmesi {vorpal, *Contam rPois Str+5}
   (You found it in the Dungeon)

   It inflicts extra damage upon your enemies.
   It affects your strength (+5).
   It protects you from poison.
   It causes magical contamination when unequipped.
Missiles
 c - 86 stones (quivered)
Armour
 r - the +3 hat of Pondering (worn) {ponderous, MR+ MP+10 Int+5}
   (You took it off Gastronok in the Dungeon)

   It affects your intelligence (+5).
   It affects your resistance to hostile enchantments.
   It affects your magic capacity (+10).
 s - a +2 pair of boots (worn)
 z - a +2 pair of gloves of dexterity (worn)
 A - the +4 dragonskin cloak (worn)
   (You took it off Tiamat in the Dungeon)
 B - a scarf of invisibility
 P - a +4 troll leather armour (worn)
 S - a +4 tower shield (worn)
Magical Staves
 C - an uncursed staff of fire
Jewellery
 i - the ring "Usoitalin" (left hand) {*Contam rElec MR+ Str+2 Dex+3 Slay+5}
   (You found it in the Dungeon)

   [ring of slaying]

   It affects your strength (+2).
   It affects your dexterity (+3).
   It affects your accuracy and damage with ranged weapons and melee attacks
   (+5).
   It insulates you from electricity.
   It affects your resistance to hostile enchantments.
   It causes magical contamination when unequipped.
 j - the ring of Kiewum {rF+ rN+ MP+9 Stlth+}
   (You found it in the Dungeon)

   [ring of stealth]

   It protects you from fire.
   It protects you from negative energy.
   It affects your magic capacity (+9).
   It makes you more stealthy.
 l - the ring of Ozorexot {Wiz rElec rF+ Slay-5}
   (You found it in the Dungeon)

   [ring of wizardry]

   It improves your spell success rate.
   It affects your accuracy and damage with ranged weapons and melee attacks
   (-5).
   It protects you from fire.
   It insulates you from electricity.
 m - the amulet "Gunkur" {Faith Dex+3 Slay+2}
   (You found it in the Dungeon)

   [amulet of faith]

   It allows you to gain divine favour quickly.
   It affects your dexterity (+3).
   It affects your accuracy and damage with ranged weapons and melee attacks
   (+2).
 o - the ring of Lust {rPois MP+9 Str-4 Int+9 Dex-3}
   (You found it in the Dungeon)

   [ring of magical power]

   It affects your strength (-4).
   It affects your intelligence (+9).
   It affects your dexterity (-3).
   It protects you from poison.
   It affects your magic capacity (+9).
 q - the amulet "Seabb" {rElec MR+ Regen+}
   (You found it in the Dungeon)

   [amulet of regeneration]

   It insulates you from electricity.
   It affects your resistance to hostile enchantments.
   It increases your rate of regeneration.
 t - the ring of Imaluned {Str+3 Slay+5}
   (You found it in the Dungeon)

   [ring of slaying]

   It affects your strength (+3).
   It affects your accuracy and damage with ranged weapons and melee attacks
   (+5).
 u - the ring "Kukulevvue" {*Corrode MP+9 AC-4 Dex+6 SInv}
   (You found it in the Dungeon)

   [ring of protection]

   It affects your AC (-4).
   It affects your dexterity (+6).
   It affects your magic capacity (+9).
   It lets you see invisible.
   It may corrode you when you take damage.
 v - the ring "Turin" {rPois rCorr Str+6}
   (You found it in the Dungeon)

   [ring of resist corrosion]

   It affects your strength (+6).
   It protects you from poison.
   It provides partial protection from all sources of acid and corrosion.
 x - the amulet of the Harvest {Spirit rF+ Dex+5}
   (You found it in the Dungeon)

   [amulet of guardian spirit]

   It causes incoming damage to be split between your health and magic.
   It affects your dexterity (+5).
   It protects you from fire.
 F - the ring "Fofolyh" (right hand) {Wiz +Fly MR+ Stlth+}
   (You found it in the Dungeon)

   [ring of wizardry]

   It improves your spell success rate.
   It affects your resistance to hostile enchantments.
   It lets you fly.
   It makes you more stealthy.
 G - the amulet of Lesser Demons {Reflect rC+ rN+ SH+5}
   (You found it in the Dungeon)

   [amulet of reflection]

   It shields you and reflects attacks.
   It protects you from cold.
   It protects you from negative energy.
   It affects your SH (+5).
 I - the ring of Saff {+Fly rElec rPois rF+ Slay+5}
   (You found it in the Dungeon)

   [ring of slaying]

   It affects your accuracy and damage with ranged weapons and melee attacks
   (+5).
   It protects you from fire.
   It insulates you from electricity.
   It protects you from poison.
   It lets you fly.
 K - the amulet "Zypiv" (around neck) {RegenMP rF+ Stlth+}
   (You found it in the Dungeon)

   [amulet of magic regeneration]

   It increases your magic regeneration.
   It protects you from fire.
   It makes you more stealthy.
Wands
 y - a wand of paralysis (12)
Scrolls
 k - 4 scrolls of amnesia
 H - a scroll of enchant weapon
 M - 4 scrolls of fog
 N - 3 scrolls of fear
Potions
 d - 13 potions of curing
 e - 5 potions of heal wounds
 f - 11 potions of haste
 g - 8 potions of magic
 h - 11 potions of berserk rage
 n - 3 potions of resistance
 p - 5 potions of brilliance
 O - 6 potions of mutation
 Q - a potion of invisibility
 R - 2 potions of might
Miscellaneous
 w - a condenser vane
 J - a box of beasts


   Skills:
 + Level 22.8 Fighting
 - Level 14.3 Maces & Flails
 - Level 18.0 Armour
 - Level 17.4 Dodging
 - Level 2.1 Stealth
 O Level 27 Shields
 + Level 24.8 Spellcasting
 - Level 24.6 Conjurations
 + Level 15.7 Necromancy
 - Level 5.2 Translocations
 - Level 4.9 Transmutations
 - Level 20.9 Fire Magic
 + Level 18.3 Ice Magic
 - Level 20.0 Earth Magic
 - Level 13.5 Invocations
 - Level 15.4 Evocations


You had 31 spell levels left.
You knew the following spells:

 Your Spells              Type           Power        Failure   Level
a - Fire Storm            Conj/Fire      #######...   2%          9
b - Frozen Ramparts       Ice            ######       0%          3
c - Ozocubu's Armour      Ice            #######.     0%          3
d - Lee's Rapid Deconstr  Erth           #######...   0%          5
e - Stone Arrow           Conj/Erth      ######       0%          3
f - Blink                 Tloc           N/A          1%          2
h - Simulacrum            Ice/Necr       #######...   1%          6
i - Starburst             Conj/Fire      #######...   0%          6

Your spell library contained the following spells:

 Spells                   Type           Power        Failure   Level
 Animate Skeleton         Necr           ######       0%          1
 Foxfire                  Conj/Fire      ####         0%          1
 Freeze                   Ice            ####         0%          1
 Magic Dart               Conj           ####         0%          1
 Pain                     Necr           ####         0%          1
 Sandblast                Erth           ######       0%          1
 Shock                    Conj/Air       ####         0%          1
 Ensorcelled Hibernation  Hex/Ice        ######       0%          2
 Passwall                 Tmut/Erth      ######..     0%          2
 Searing Ray              Conj           ######       0%          2
 Conjure Flame            Conj/Fire      #######.     0%          3
 Dazzling Flash           Conj/Hex       ######       0%          3
 Inner Flame              Hex/Fire       ######..     0%          3
 Static Discharge         Conj/Air       ######..     0%          3
 Vampiric Draining        Necr           #######...   0%          3
 Animate Dead             Necr           #######...   0%          4
 Dispel Undead            Necr           #######.     0%          4
 Hailstorm                Conj/Ice       #######.     0%          4
 Iskenderun's Mystic Bla  Conj/Tloc      #######.     0%          4
 Sticky Flame             Conj/Fire      #######.     0%          4
 Agony                    Necr           #######.     0%          5
 Bolt of Magma            Conj/Fire/Erth #######...   0%          5
 Borgnjor's Vile Clutch   Necr/Erth      #######...   0%          5
 Excruciating Wounds      Necr           #######...   0%          5
 Fireball                 Conj/Fire      #######...   0%          5
 Iskenderun's Battlesphe  Conj           #######.     0%          5
 Iron Shot                Conj/Erth      #######...   0%          6
 Orb of Destruction       Conj           #######...   0%          7
 Apportation              Tloc           ######       1%          1
 Beastly Appendage        Tmut           #####.       1%          1
 Corona                   Hex            ####...      1%          1
 Sting                    Tmut/Pois      ####         1%          1
 Summon Small Mammal      Summ           ####         1%          1
 Call Imp                 Summ           ####....     1%          2
 Corpse Rot               Necr/Air       N/A          1%          2
 Poisonous Vapours        Pois/Air       ####..       1%          2
 Slow                     Hex            ####....     1%          2
 Swiftness                Air            ####....     1%          2
 Wereblood                Tmut           #####...     1%          2
 Call Canine Familiar     Summ           ####....     1%          3
 Confusing Touch          Hex            ####....     1%          3
 Gell's Gravitas          Tloc           ######....   1%          3
 Ignite Poison            Fire/Tmut/Pois ######..     1%          3
 Lesser Beckoning         Tloc           ######....   1%          3
 Mephitic Cloud           Conj/Pois/Air  ######..     1%          3
 Portal Projectile        Hex/Tloc       #####.       1%          3
 Spider Form              Tmut/Pois      #####.....   1%          3
 Summon Guardian Golem    Hex/Summ       ####....     1%          3
 Teleport Other           Tloc           ######..     1%          3
 Tukima's Dance           Hex            ####....     1%          3
 Fulminant Prism          Conj/Hex       ######....   1%          4
 Ice Form                 Ice/Tmut       ######..     1%          4
 Leda's Liquefaction      Hex/Erth       ######....   1%          4
 Passage of Golubria      Tloc           N/A          1%          4
 Petrify                  Tmut/Erth      ######..     1%          4
 Summon Ice Beast         Ice/Summ       ######..     1%          4
 Blade Hands              Tmut           #####.....   1%          5
 Irradiate                Conj/Tmut      #######...   1%          5
 Lightning Bolt           Conj/Air       ######....   1%          5
 Metabolic Englaciation   Hex/Ice        ######....   1%          5
 Conjure Ball Lightning   Conj/Air       ######....   1%          6
 Death Channel            Necr           #######...   1%          6
 Freezing Cloud           Conj/Ice/Air   #######...   1%          6
 Ozocubu's Refrigeration  Ice            #######...   1%          6
 Spellforged Servitor     Conj/Summ      ######....   1%          7
 Ignition                 Fire           #######...   1%          8
 Lehudib's Crystal Spear  Conj/Erth      #######...   1%          8
 Airstrike                Air            ####......   2%          4
 Cause Fear               Hex            ####......   2%          4
 Olgreb's Toxic Radiance  Pois           ####....     2%          4
 Summon Lightning Spire   Summ/Air       ####....     2%          4
 Alistair's Intoxication  Tmut/Pois      #####....    2%          5
 Summon Forest            Summ/Tloc      #####.....   2%          5
 Yara's Violent Unravell  Hex/Tmut       #####.....   2%          5
 Borgnjor's Revivificati  Necr           #######...   3%          8
 Infestation              Necr           #######...   3%          8
 Dispersal                Tloc           ######....   5%          6
 Hydra Form               Tmut           #####.....   6%          6
 Silence                  Hex/Air        ####......   9%          5
 Summon Demon             Summ           ####......   9%          5
 Summon Mana Viper        Hex/Summ       ####....     9%          5
 Shatter                  Erth           #######...   9%          9
 Haunt                    Necr/Summ      ######....   11%         7
 Chain Lightning          Conj/Air       ######....   13%         8
 Absolute Zero            Ice            #######...   16%         9
 Eringya's Noxious Bog    Tmut/Pois      #####.....   17%         6
 Necromutation            Tmut/Necr      ######....   30%         8
 Dragon Form              Tmut           #####.....   34%         7
 Invisibility             Hex            ####....     43%         6
 Shadow Creatures         Summ           N/A          43%         6
 Death's Door             Necr           #######...   45%         9
 Malign Gateway           Summ/Tloc      #####.....   65%         7
 Disjunction              Tloc           ######....   92%         8
 Monstrous Menagerie      Summ           ####......   94%         7
 Summon Greater Demon     Summ           ####......   94%         7
 Summon Hydra             Summ           ####......   94%         7
 Discord                  Hex            ####......   100%        8
 Summon Horrible Things   Summ           ####......   100%        8
 Dragon's Call            Summ           ####......   100%        9
 Tornado                  Air            ####......   100%        9
 Sublimation of Blood     Necr           Unusable     N/A         2
 Statue Form              Tmut/Erth      Unusable     N/A         6

Dungeon Overview and Level Annotations

Branches:
Dungeon (1/1)

Altars:
Ashenzari
Cheibriados
Dithmenos
Elyvilon
Fedhas
Gozag
Hepliaklqana
Kikubaaqudgha
Makhleb
Nemelex Xobeh
Okawaru
Qazlal
Ru
Sif Muna
Trog
Uskayaw
Vehumet
Wu Jian
Xom
Yredelemnul
Zin
The Shining One
Beogh
Jiyva
Lugonu


Innate Abilities, Weirdness & Mutations

You are resistant to torment.
Your stone body is resilient. (AC +15)
You are immune to poison.
Your large and strong wings let you fly indefinitely.
You resist negative energy. (rN+)
You are resistant to electric shocks. (rElec)
You can survive without breathing.
You are immune to petrification.
You are immune to rotting.
Your body sometimes deteriorates upon taking damage.
Your spells are a little easier to cast, but a little less powerful.


Message History

Casting: Fire Storm (dangerous; 2% risk of failure)
Confirm with . or Enter, or press ? or * to list all spells.
Okay, then.
Okay, then.
Casting: Fire Storm (dangerous; 2% risk of failure)
Confirm with . or Enter, or press ? or * to list all spells.
Okay, then.
Aiming: Lehudib's Crystal Spear
Press: ? - help, Shift-Dir - straight line, f - Hell Sentinel
Aim: a Hell Sentinel The crystal spear hits the Hell Sentinel!!!
The Hell Sentinel is moderately wounded.
Aiming: Lehudib's Crystal Spear
Press: ? - help, Shift-Dir - straight line, f/p - Hell Sentinel
Aim: a Hell Sentinel (moderately wounded)
The crystal spear hits the Hell Sentinel!!!
The Hell Sentinel is severely wounded.
The Hell Sentinel gestures at you.
The sphere of damnation explodes!
The damnation engulfs you!!!
You die...

#####################
#+# #+# ###
####.###.###.##
#.1)@.+...'.).#######
#'##.###.###.###)'#.#
##.###.#'#.###.###...
#'#'.##'.##'.##'.'#.#
#)#...')..#...#...#'#
##(#.###.###.'##.##.#
##.###.###)###.'##.[.
#..('.).[.))'...##'.#
##.###.###.###.##.##'


You could see a Hell Sentinel.

Vanquished Creatures
  A pandemonium lord (D)
  Khufu (D)
  4 orbs of fire (D)
  Tiamat (D)
  Mennas (D)
  Mara (D)
  3 ancient liches (D)
  3 greater mummies (D)
  Boris (D)
  Margery (D)
  A golden dragon (D)
  Nikola (D)
  A profane servitor (D)
  A Brimstone Fiend (D)
  3 liches (D)
  2 hellephants (D)
  A Hell Sentinel (D)
  An Ice Fiend (D)
  5 deep elf master archers (D)
  Murray (D)
  4 deep elf blademasters (D)
  3 titans (D)
  A quicksilver dragon (D)
  An acid blob (D)
  A shadow dragon (D)
  Gastronok (D)
  Agnes (D)
  2 death cobs (D)
  2 sphinxes (D)
  4 storm dragons (D)
  2 draconian monks (D)
  An azure jelly (D)
  3 nagarajas (D)
  2 fire giants (D)
  3 orc warlords (D)
  A draconian scorcher (D)
  2 frost giants (D)
  Louise (D)
  A balrug (D)
  5 deep elf sorcerers (D)
  A ghost moth (D)
  A draconian knight (D)
  An angel (D)
  A cacodemon (D)
  A stone giant (D)
  2 draconian stormcallers (D)
  2 reapers (D)
  2 ghouls (D)
  2 war gargoyles (D)
  6 vampire knights (D)
  2 apis (D)
  A deep elf demonologist (D)
  2 green draconians (D)
  2 lorocyprocas (D)
  A minotaur (D)
  A black draconian (D)
  2 deep elf annihilators (D)
  A red draconian (D)
  A purple draconian (D)
  A white draconian (D)
  5 yellow draconians (D)
  2 blizzard demons (D)
  4 deep elf death magi (D)
  A mummy priest (D)
  2 death oozes (D)
  A deep elf high priest (D)
  2 fire dragons (D)
  A great orb of eyes (D)
  2 green deaths (D)
  Erolcha (D)
  A yaktaur captain (D)
  3 hydras (D)
  An ice dragon (D)
  A hell beast (D)
  2 vault guards (D)
  A spriggan air mage (D)
  3 alligator snapping turtles (D)
  A centaur warrior (D)
  2 merfolk avatars (D)
  2 anacondas (D)
  3 death knights (D)
  3 naga warriors (D)
  2 alligators (D)
  3 death yaks (D)
  An ogre mage (D)
  A deep troll shaman (D)
  A deep troll earth mage (D)
  5 vampire magi (D)
  2 spriggan berserkers (D)
  4 hell knights (D)
  A sun demon (D)
  A soul eater (D)
  2 deep elf knights (D)
  2 iron trolls (D)
  4 skeletal warriors (D)
  A shadow wraith (D)
  2 sixfirhies (D)
  3 deep trolls (D)
  2 sea snakes (D)
  6 flayed ghosts (D)
  A lindwurm (D)
  A bog body (D)
  2 wizards (D)
  2 phantasmal warriors (D)
  13 orc knights (D)
  3 deep elf magi (D)
  4 necromancers (D)
  A manticore (D)
  A moth of wrath (D)
  An elephant (D)
  2 rust devils (D)
  A black mamba (D)
  A naga mage (D)
  An orange demon (D)
  A guardian serpent (D)
  A molten gargoyle (D)
  A freezing wraith (D)
  4 yaktaurs (D)
  A hellion (D)
  2 ice devils (D)
  A tormentor (D)
  3 demonic crawlers (D)
  A hellwing (D)
  2 hornets (D)
  A jumping spider (D)
  A polar bear (D)
  3 slime creatures (D)
  A tyrant leech (D)
  A snapping turtle (D)
  5 dream sheep (D)
  9 vampires (D)
  5 redbacks (D)
  A spriggan (D)
  3 tarantellas (D)
  A wraith (D)
  A wyvern (D)
  2 fire bats (D)
  A fire elemental (D)
  A golden eye (D)
  2 basilisks (D)
  A steam dragon (D)
  5 vampire mosquitoes (D)
  3 chaos spawn (D)
  A neqoxec (D)
  A small abomination (D)
  3 nagas (D)
  An insubstantial wisp (D)
  2 floating eyes (D)
  A soldier ant (D)
  4 orc warriors (D)
  2 sky beasts (D)
  A necrophage (D)
  A phantom (D)
  3 eyes of draining (D)
  6 wolves (D)
  A gnoll sergeant (D)
  A quasit (D)
  2 orc priests (D)
  A jelly (D)
  An orc wizard (D)
  A hell rat (D)
  A worker ant (D)
  4 gnolls (D)
  A river rat (D)
  2 ufetubi (D)
  An ooze (D)
  3 adder zombies (D)
  2 adder skeletons (D)
  A leopard gecko (D)
  10 orcs (D)
  A bat (D)
  2 bat skeletons (D)
  3 bat zombies (D)
  2 giant cockroaches (D)
  2 kobolds (D)
  A quokka (D)
  A ball python skeleton (D)
  2 bat simulacra (D)
  3 giant cockroach simulacra (D)
  2 giant cockroach zombies (D)
  3 goblins (D)
  A jackal skeleton (D)
  A leopard gecko skeleton (D)
  A leopard gecko zombie (D)
  2 quokka simulacra (D)
  A rat (D)
  4 blocks of ice (D)
  2 fire vortices (D)
385 creatures vanquished.

Vanquished Creatures (collateral kills)
  Antaeus (D)
  A Killer Klown (D)
  A tentacled monstrosity (D)
  A storm dragon (D)
  A daeva (D)
  An apis (D)
  A vampire mage (D)
  2 skeletal warriors (D)
  A wandering mushroom (D)
  A floating eye (shapeshifter) (D)
11 creatures vanquished.

Vanquished Creatures (others)
  An adder zombie (D)
  18 fire vortices (D)
19 creatures vanquished.

Grand Total: 415 creatures vanquished

Notes
Turn   | Place    | Note
-------+----------+-------------------------------------------
     0 | D        | rocky1 the Gargoyle Earth Elementalist began the quest for
                  | the Orb.
     0 | D        | Reached XP level 1. HP: 10/10 MP: 3/3
    47 | D        | Found a bloodstained altar of Trog.
    47 | D        | Found a shimmering blue altar of Sif Muna.
    47 | D        | Found a viscous altar of Jiyva.
    47 | D        | Found a hazy altar of Hepliaklqana.
    47 | D        | Found an opulent altar of Gozag.
    48 | D        | Found a glowing golden altar of the Shining One.
    48 | D        | Found a glowing silver altar of Zin.
    48 | D        | Found a basalt altar of Yredelemnul.
    48 | D        | Found a shimmering altar of Xom.
    48 | D        | Found an ornate altar of the Wu Jian Council.
    48 | D        | Found a sacrificial altar of Ru.
    48 | D        | Found a stormy altar of Qazlal.
    48 | D        | Found an iron altar of Okawaru.
    48 | D        | Found a sparkling altar of Nemelex Xobeh.
    48 | D        | Found a burning altar of Makhleb.
    48 | D        | Found a blossoming altar of Fedhas.
    48 | D        | Found a white marble altar of Elyvilon.
    48 | D        | Found a shadowy altar of Dithmenos.
    48 | D        | Found a snail-covered altar of Cheibriados.
    51 | D        | Found a corrupted altar of Lugonu.
    51 | D        | Found a radiant altar of Vehumet.
    51 | D        | Found a roughly hewn altar of Beogh.
    52 | D        | Found an ancient bone altar of Kikubaaqudgha.
    52 | D        | Found a hide-covered altar of Uskayaw.
    52 | D        | Found a broken altar of Ashenzari.
    53 | D        | Became a worshipper of Sif Muna the Loreminder
    66 | D        | Reached skill level 5 in Earth Magic
    70 | D        | Reached XP level 2. HP: 7/15 MP: 3/5
   225 | D        | Reached * piety under Sif Muna
   236 | D        | Reached XP level 3. HP: 10/19 MP: 4/6
   395 | D        | Reached ** piety under Sif Muna
   464 | D        | Noticed a phantom
   467 | D        | Reached *** piety under Sif Muna
   483 | D        | Reached XP level 4. HP: 21/24 MP: 0/7
   483 | D        | Reached **** piety under Sif Muna
   484 | D        | Reached skill level 10 in Earth Magic
   579 | D        | Killed a phantom
   580 | D        | Reached XP level 5. HP: 27/28 MP: 2/8
   638 | D        | Learned a level 3 spell: Stone Arrow
   649 | D        | Noticed a necrophage
   651 | D        | Killed a necrophage
   651 | D        | Reached ***** piety under Sif Muna
   651 | D        | Received a gift from Sif Muna
   652 | D        | Reached XP level 6. HP: 32/32 MP: 4/12
   716 | D        | Learned a level 3 spell: Ozocubu's Armour
   722 | D        | Learned a level 5 spell: Lee's Rapid Deconstruction
   726 | D        | Noticed a flayed ghost
   730 | D        | Killed a flayed ghost
   731 | D        | Reached skill level 15 in Earth Magic
   731 | D        | Reached XP level 7. HP: 18/36 MP: 7/17
   985 | D        | Learned a level 3 spell: Frozen Ramparts
  1047 | D        | Noticed a fire bat
  1047 | D        | Noticed a spriggan
  1050 | D        | Killed a fire bat
  1050 | D        | Killed a spriggan
  1051 | D        | Reached XP level 8. HP: 29/41 MP: 9/19
  1051 | D        | Received a gift from Sif Muna
  1064 | D        | Learned a level 2 spell: Blink
  1261 | D        | Noticed a polar bear
  1266 | D        | Noticed an elephant
  1267 | D        | Reached skill level 1 in Fighting
  1267 | D        | Reached skill level 1 in Maces & Flails
  1267 | D        | Killed a polar bear
  1268 | D        | Reached skill level 5 in Invocations
  1413 | D        | Killed an elephant
  1414 | D        | Reached XP level 9. HP: 52/52 MP: 5/21
  1438 | D        | Noticed a demonic crawler
  1443 | D        | Killed a demonic crawler
  1444 | D        | Reached skill level 5 in Fighting
  1543 | D        | Received a gift from Sif Muna
  1575 | D        | Noticed a deep elf mage
  1577 | D        | Killed a deep elf mage
  1578 | D        | Reached skill level 5 in Maces & Flails
  1578 | D        | Reached skill level 5 in Dodging
  1591 | D        | Noticed a yaktaur
  1607 | D        | Killed a yaktaur
  1707 | D        | Noticed a bog body
  1708 | D        | Noticed a tyrant leech
  1720 | D        | Killed a tyrant leech
  1721 | D        | Reached XP level 10. HP: 51/63 MP: 17/22
  1721 | D        | Noticed a sea snake
  1726 | D        | Killed a sea snake
  1731 | D        | Received a gift from Sif Muna
  1734 | D        | Killed a bog body
  1734 | D        | Noticed Erolcha
  1735 | D        | Reached skill level 10 in Invocations
  1741 | D        | Paralysed by something for 6 turns
  1750 | D        | Killed Erolcha
  1751 | D        | Reached skill level 10 in Fighting
  1969 | D        | Received a gift from Sif Muna
  1969 | D        | Reached ****** piety under Sif Muna
  2036 | D        | Noticed an alligator snapping turtle
  2036 | D        | Noticed a sun demon
  2048 | D        | Killed a sun demon
  2049 | D        | Reached XP level 11. HP: 49/73 MP: 15/23
  2171 | D        | Noticed a five-headed hydra
  2174 | D        | Killed a five-headed hydra
  2175 | D        | Reached skill level 10 in Maces & Flails
  2238 | D        | Noticed an alligator snapping turtle
  2349 | D        | Noticed a fire giant
  2349 | D        | Noticed a merfolk avatar
  2349 | D        | Noticed a green draconian
  2349 | D        | Noticed a deep elf blademaster
  2349 | D        | Noticed a deep elf demonologist
  2353 | D        | Killed a deep elf demonologist
  2356 | D        | Killed a merfolk avatar
  2357 | D        | Killed a deep elf blademaster
  2358 | D        | Killed a fire giant
  2358 | D        | Identified Istex's Papyrus of Ignition and Blows and
                  | Bruises (Sif Muna gifted it to you in the Dungeon)
  2358 | D        | Received a gift from Sif Muna
  2358 | D        | Killed a green draconian
  2359 | D        | Reached skill level 10 in Dodging
  2359 | D        | Reached XP level 12. HP: 84/84 MP: 5/24
  2360 | D        | Reached skill level 1 in Transmutations
  2367 | D        | Got the cursed +3 morningstar of Myblycs {flame, *Rage
                  | Int+3 Stlth+}
  2432 | D        | Noticed a great orb of eyes
  2433 | D        | Noticed a merfolk avatar
  2434 | D        | Reached skill level 1 in Conjurations
  2434 | D        | Reached skill level 1 in Translocations
  2434 | D        | Noticed a spriggan air mage
  2435 | D        | Identified Qihoc's Collected Works on Congealing Calling
                  | (Sif Muna gifted it to you in the Dungeon)
  2435 | D        | Received a gift from Sif Muna
  2436 | D        | Noticed a fire dragon
  2438 | D        | Killed a fire dragon
  2440 | D        | Killed a merfolk avatar
  2440 | D        | Identified Gatriecy's Tome of Lightness (Sif Muna gifted it
                  | to you in the Dungeon)
  2440 | D        | Received a gift from Sif Muna
  2444 | D        | Paralysed by a great orb of eyes for 5 turns
  2452 | D        | Paralysed by a great orb of eyes for 6 turns
  2454 | D        | Killed a spriggan air mage
  2454 | D        | Identified Sif Muna's Papyrus of Summoning and Hexes (Sif
                  | Muna gifted it to you in the Dungeon)
  2454 | D        | Received a gift from Sif Muna
  2455 | D        | Killed a great orb of eyes
  2460 | D        | Reached skill level 5 in Conjurations
  2462 | D        | Identified the +9 mace of Boeffagh {pain, rF++ rC+++ Dex-3}
  2462 | D        | Noticed a death knight
  2464 | D        | Killed a death knight
  2513 | D        | Identified Xavutarph's Catalogue of Damaging Summoning (Sif
                  | Muna gifted it to you in the Dungeon)
  2513 | D        | Received a gift from Sif Muna
  2514 | D        | Reached skill level 5 in Translocations
  2664 | D        | Got the Grimoire of the Entourage and Arcane Weapons
  2667 | D        | Got the Collected Works on Noxious Sinister Magic
  2708 | D        | Learned a level 4 spell: Petrify
  2716 | D        | Learned a level 6 spell: Simulacrum
  2873 | D        | Noticed a death cob
  2876 | D        | Killed a death cob
  2877 | D        | Reached skill level 1 in Necromancy
  2877 | D        | Reached XP level 13. HP: 67/88 MP: 9/26
  2881 | D        | Reached skill level 10 in Spellcasting
  3329 | D        | Reached skill level 10 in Ice Magic
  3657 | D        | Noticed an orc warlord
  3676 | D        | Identified Sif Muna's Collected Works on Excruciating Clay
                  | (Sif Muna gifted it to you in the Dungeon)
  3676 | D        | Received a gift from Sif Muna
  3683 | D        | Killed an orc warlord
  3995 | D        | Noticed an orc warlord
  4003 | D        | Killed an orc warlord
  4108 | D        | Identified Haosime's Compendium of Conjuration (Sif Muna
                  | gifted it to you in the Dungeon)
  4108 | D        | Received a gift from Sif Muna
  4331 | D        | Noticed a deep elf blademaster
  4334 | D        | Killed a deep elf blademaster
  4335 | D        | Reached skill level 5 in Necromancy
  4335 | D        | Reached skill level 1 in Evocations
  4337 | D        | Identified Sif Muna's Compendium of Bewitchment and the
                  | Arsonist (Sif Muna gifted it to you in the Dungeon)
  4337 | D        | Received a gift from Sif Muna
  4344 | D        | Noticed a deep elf master archer
  4349 | D        | Killed a deep elf master archer
  4349 | D        | Noticed a vault guard
  4350 | D        | Gained mutation: Your large and strong wings let you fly
                  | indefinitely. [Gargoyle growth]
  4350 | D        | Reached XP level 14. HP: 53/96 MP: 18/29
  4351 | D        | Reached skill level 10 in Conjurations
  4714 | D        | Noticed a fire giant
  4720 | D        | Killed a fire giant
  4720 | D        | Identified Xiukytod's Compendium of Fascination (Sif Muna
                  | gifted it to you in the Dungeon)
  4720 | D        | Received a gift from Sif Muna
  5000 | D        | Reached skill level 15 in Fighting
  5497 | D        | Noticed a deep elf sorcerer
  5499 | D        | Identified Sif Muna's Handbook of the Rocks and Necromancy
                  | (Sif Muna gifted it to you in the Dungeon)
  5499 | D        | Received a gift from Sif Muna
  5499 | D        | Killed a deep elf sorcerer
  5500 | D        | Noticed a frost giant
  5502 | D        | Noticed a storm dragon
  5506 | D        | Killed a frost giant
  5507 | D        | Reached skill level 5 in Evocations
  5508 | D        | Killed a storm dragon
  5524 | D        | Identified Sif Muna's Compendium of Dark Magic (Sif Muna
                  | gifted it to you in the Dungeon)
  5524 | D        | Received a gift from Sif Muna
  5529 | D        | Noticed a yellow draconian
  5547 | D        | Killed a yellow draconian
  5826 | D        | Noticed a death cob
  5833 | D        | Killed a death cob
  5834 | D        | Reached skill level 1 in Shields
  5842 | D        | Reached skill level 4 in Shields
  5898 | D        | Noticed a black draconian
  5907 | D        | Killed a black draconian
  5907 | D        | Received a gift from Sif Muna
  5908 | D        | Reached skill level 6 in Shields
  5929 | D        | Noticed a red draconian
  5942 | D        | Killed a red draconian
  5943 | D        | Reached skill level 8 in Shields
  5983 | D        | Reached XP level 15. HP: 50/104 MP: 14/31
  5996 | D        | Reached skill level 9 in Shields
  6490 | D        | Reached skill level 10 in Shields
  6686 | D        | Identified Sif Muna's Almanac of Dark Rituals (Sif Muna
                  | gifted it to you in the Dungeon)
  6686 | D        | Received a gift from Sif Muna
  6688 | D        | Reached skill level 11 in Shields
  6690 | D        | Noticed Gastronok
  6694 | D        | Reached skill level 12 in Shields
  6696 | D        | Identified Sif Muna's Grimoire of Ghastly Snow (Sif Muna
                  | gifted it to you in the Dungeon)
  6696 | D        | Received a gift from Sif Muna
  6712 | D        | Killed Gastronok
  6713 | D        | Reached skill level 13 in Shields
  6770 | D        | Got the amulet "Zypiv" {RegenMP rF+ Stlth+}
  6982 | D        | Reached skill level 14 in Shields
  7053 | D        | Learned a level 6 spell: Starburst
  7070 | D        | Noticed Agnes
  7079 | D        | Killed Agnes
  7079 | D        | Identified Sif Muna's Reference Book on Arcane Weapons and
                  | Air (Sif Muna gifted it to you in the Dungeon)
  7079 | D        | Received a gift from Sif Muna
  7117 | D        | Reached skill level 15 in Shields
  7319 | D        | Reached skill level 16 in Shields
  7335 | D        | Received a gift from Sif Muna
  7350 | D        | Noticed an orc warlord
  7359 | D        | Killed an orc warlord
  7360 | D        | Reached skill level 17 in Shields
  7461 | D        | Identified Sif Muna's Grimoire of Doomed Snow (Sif Muna
                  | gifted it to you in the Dungeon)
  7461 | D        | Received a gift from Sif Muna
  7512 | D        | Noticed an azure jelly
  7529 | D        | Killed an azure jelly
  7599 | D        | Identified Sif Muna's Collected Works on Supportive
                  | Confrontation (Sif Muna gifted it to you in the Dungeon)
  7599 | D        | Received a gift from Sif Muna
  7756 | D        | Noticed a hellephant
  7764 | D        | Noticed a sphinx
  7772 | D        | Killed a sphinx
  7773 | D        | Reached skill level 18 in Shields
  7776 | D        | Killed a hellephant
  7848 | D        | Identified Feamahut's Grimoire of Shape Shifting (Sif Muna
                  | gifted it to you in the Dungeon)
  7848 | D        | Received a gift from Sif Muna
  7891 | D        | Noticed an angel
  7905 | D        | Killed an angel
  8182 | D        | Noticed a ghoul
  8182 | D        | Noticed a lich
  8182 | D        | Noticed a ghoul
  8184 | D        | Received a gift from Sif Muna
  8184 | D        | Received a gift from Sif Muna
  8185 | D        | Killed a ghoul
  8185 | D        | Killed a lich
  8185 | D        | Identified Sif Muna's Grimoire of the Escort and Damage
                  | Dealing (Sif Muna gifted it to you in the Dungeon)
  8185 | D        | Received a gift from Sif Muna
  8185 | D        | Identified Sif Muna's Tome of Unholy Transmutation (Sif
                  | Muna gifted it to you in the Dungeon)
  8185 | D        | Received a gift from Sif Muna
  8185 | D        | Received a gift from Sif Muna
  8186 | D        | Reached skill level 19 in Shields
  8186 | D        | Reached skill level 10 in Evocations
  8186 | D        | Reached XP level 16. HP: 110/111 MP: 34/34
  8186 | D        | Identified Sif Muna's Reference Book on Curses and Combat
                  | Magic (Sif Muna gifted it to you in the Dungeon)
  8186 | D        | Received a gift from Sif Muna
  8186 | D        | Identified Sif Muna's Papyrus of Creation and Enchantment
                  | (Sif Muna gifted it to you in the Dungeon)
  8186 | D        | Received a gift from Sif Muna
  8187 | D        | Reached skill level 15 in Conjurations
  8189 | D        | Paralysed by a vampire knight for 2 turns
  8197 | D        | Reached skill level 15 in Spellcasting
  8337 | D        | Got the ring "Wympoi" {MR+ Dex+3}
  8347 | D        | Got a silver rune of Zot
  8391 | D        | Got the +11 rapier "Qokhubbu" {drain, rF+ MR++ SInv Stlth-}
  8610 | D        | Noticed a nagaraja
  8612 | D        | Killed a nagaraja
  8612 | D        | Received a gift from Sif Muna
  8613 | D        | Reached skill level 20 in Shields
  8724 | D        | Noticed a nagaraja
  8727 | D        | Killed a nagaraja
  8727 | D        | Identified Sif Muna's Advanced Guide to the Arcane Arts
                  | (Sif Muna gifted it to you in the Dungeon)
  8727 | D        | Received a gift from Sif Muna
  8728 | D        | Reached skill level 10 in Fire Magic
  8743 | D        | Noticed a lich
  8746 | D        | Noticed a sphinx
  8749 | D        | Killed a sphinx
  8752 | D        | Killed a lich
  8753 | D        | Reached skill level 21 in Shields
  8755 | D        | Reached XP level 17. HP: 88/116 MP: 20/37
  8939 | D        | Got the Papyrus of Ghastly Weightlessness
  8944 | D        | Got the Compendium of Lightness
  8948 | D        | Got the Incunabulum of the Excruciating Glacier
  8962 | D        | Got the Reference Book on Moulding
  9079 | D        | Got the ring "Qeun" {*Contam rF++ AC+6 Int+3 Stlth+}
  9081 | D        | Got the ring of Trepidation {rElec rF+ MP-9 Dex+2}
  9083 | D        | Got the ring "Vociamp" {rC+++ Str-4 Int+2 Slay-2 SInv}
  9087 | D        | Got the ring "Fofolyh" {Wiz +Fly MR+ Stlth+}
  9090 | D        | Got the ring of the Omega Point {*Slow rElec MP+9 Int+6
                  | SInv}
  9092 | D        | Got the ring of Dips {*Contam +Inv +Fly EV+6 Slay+5}
  9094 | D        | Got the ring "Bosimoing" {rC+ Str+4 Dex+6 Stlth+}
  9096 | D        | Got the ring of Ughij {rPois EV+6 Int+3}
  9098 | D        | Got the ring of Cataut {rElec rC+ Dex+6 Stlth+}
  9100 | D        | Got the ring "Xoguid" {*Corrode rN++ Int+6 Dex+4}
  9124 | D        | Got the ring of Elytaot {rPois rF+ MR++ MP+9 Str-3}
  9126 | D        | Got the ring of Odotaph {rC- rN+ Str+3 SInv}
  9141 | D        | Got the amulet of Ovac {Reflect +Fly Str+3 SH+5}
  9143 | D        | Got the amulet "Zyisies" {Spirit Dex+4 Slay+2}
  9145 | D        | Got the amulet of Eckiloh {Reflect rC+ Str+5 SH+5}
  9147 | D        | Got the ring of Imaluned {Str+3 Slay+5}
  9150 | D        | Got the ring "Erphidugemp" {rPois Stlth+}
  9153 | D        | Got the amulet "Xaug" {Reflect rElec rPois Str+3 SH+5
                  | Stlth+}
  9155 | D        | Got the amulet of Lesser Demons {Reflect rC+ rN+ SH+5}
  9157 | D        | Got the ring of Saff {+Fly rElec rPois rF+ Slay+5}
  9159 | D        | Got the amulet "Pyvuor Huhua" {Faith rElec rF- rC+}
  9161 | D        | Got the amulet of Basm {Inacc Int+4}
  9165 | D        | Got the ring of Attitude {Ice +Blink Str+2 Slay-4}
  9183 | D        | Got the ring "Usoitalin" {*Contam rElec MR+ Str+2 Dex+3
                  | Slay+5}
  9185 | D        | Got the ring of Igeeseit {Wiz *Drain MR++}
  9187 | D        | Got the ring of Perfectionism {rF- Dex+4 Slay+5 Stlth+}
  9256 | D        | Noticed an orb of fire
  9298 | D        | Noticed a deep elf blademaster
  9303 | D        | Noticed a deep elf blademaster
  9304 | D        | Noticed a deep elf master archer
  9308 | D        | Killed a deep elf blademaster
  9309 | D        | Killed a deep elf blademaster
  9310 | D        | Noticed a deep elf master archer
  9310 | D        | Noticed Antaeus
  9314 | D        | Reached skill level 5 in Armour
  9318 | D        | Killed a deep elf master archer
  9319 | D        | Noticed a quicksilver dragon
  9320 | D        | Killed a deep elf master archer
  9321 | D        | Noticed a Killer Klown
  9323 | D        | Killed a quicksilver dragon
  9335 | D        | Noticed Nikola
  9341 | D        | Killed Antaeus
  9342 | D        | Reached skill level 15 in Evocations
  9352 | D        | Killed a Killer Klown
  9353 | D        | Killed Nikola
  9354 | D        | Reached skill level 15 in Dodging
  9355 | D        | Noticed a tentacled monstrosity
  9366 | D        | Killed a tentacled monstrosity
  9601 | D        | Noticed a titan
  9613 | D        | Killed a titan
  9615 | D        | Noticed Mara
  9619 | D        | Noticed a titan
  9625 | D        | Killed a titan
  9625 | D        | Noticed a golden dragon
  9626 | D        | Reached skill level 15 in Fire Magic
  9635 | D        | Killed a golden dragon
  9636 | D        | Reached skill level 15 in Armour
  9636 | D        | Reached XP level 18. HP: 106/122 MP: 15/40
  9639 | D        | Killed Mara
  9823 | D        | Learned a level 9 spell: Fire Storm
 10025 | D        | Noticed a deep elf master archer
 10035 | D        | Killed a deep elf master archer
 10139 | D        | Got the ring of Kiewum {rF+ rN+ MP+9 Stlth+}
 10141 | D        | Got the ring of Ozorexot {Wiz rElec rF+ Slay-5}
 10148 | D        | Got the amulet "Gunkur" {Faith Dex+3 Slay+2}
 10150 | D        | Got the ring of Lust {rPois MP+9 Str-4 Int+9 Dex-3}
 10152 | D        | Got the amulet "Seabb" {rElec MR+ Regen+}
 10154 | D        | Got the ring "Kukulevvue" {*Corrode MP+9 AC-4 Dex+6 SInv}
 10156 | D        | Got the ring "Turin" {rPois rCorr Str+6}
 10160 | D        | Got the amulet of the Harvest {Spirit rF+ Dex+5}
 10188 | D        | Got the +11 broad axe of Idasmesi {vorpal, *Contam rPois
                  | Str+5}
 10277 | D        | Killed an orb of fire
 10300 | D        | Noticed Murray
 10373 | D        | Killed Murray
 10426 | D        | Noticed a titan
 10439 | D        | Killed a titan
 10507 | D        | Noticed a Brimstone Fiend
 10507 | D        | Noticed a greater mummy
 10517 | D        | Killed a Brimstone Fiend
 10523 | D        | Killed a greater mummy
 10524 | D        | Reached skill level 22 in Shields
 10650 | D        | Noticed an ancient lich
 10681 | D        | Killed an ancient lich
 10690 | D        | Reached skill level 10 in Necromancy
 10691 | D        | Noticed an orb of fire
 10691 | D        | Gained mutation: Your body sometimes deteriorates upon
                  | taking damage. [an orb of fire]
 10693 | D        | Killed an orb of fire
 10694 | D        | Reached XP level 19. HP: 88/127 MP: 44/44
 10702 | D        | Noticed a hellephant
 10724 | D        | Killed a hellephant
 10939 | D        | Noticed Khufu
 10971 | D        | Killed Khufu
 10972 | D        | Reached skill level 23 in Shields
 11141 | D        | Identified the +4 dragonskin cloak
 11141 | D        | Noticed Tiamat
 11215 | D        | Killed Tiamat
 11526 | D        | Noticed an orb of fire
 11528 | D        | Killed an orb of fire
 11529 | D        | Reached skill level 24 in Shields
 11691 | D        | Noticed Margery
 11695 | D        | Killed Margery
 11768 | D        | Noticed an ancient lich
 11796 | D        | Killed an ancient lich
 11881 | D        | Reached skill level 25 in Shields
 12033 | D        | Noticed an ancient lich
 12061 | D        | Killed an ancient lich
 12062 | D        | Reached skill level 15 in Ice Magic
 12259 | D        | Noticed Boris
 12263 | D        | Noticed a profane servitor
 12272 | D        | Noticed a Hell Sentinel
 12292 | D        | Killed Boris
 12293 | D        | Reached XP level 20. HP: 126/142 MP: 31/47
 12296 | D        | Killed a profane servitor
 12604 | D        | Noticed a greater mummy
 12629 | D        | Killed a greater mummy
 12630 | D        | Reached skill level 26 in Shields
 12683 | D        | Noticed a greater mummy
 12711 | D        | Killed a greater mummy
 12713 | D        | Noticed Adoa the pandemonium lord
 12744 | D        | Killed Adoa the pandemonium lord
 13029 | D        | Noticed Louise
 13029 | D        | Noticed an orb of fire
 13029 | D        | Noticed Mennas
 13042 | D        | Killed Louise
 13042 | D        | Killed Mennas
 13043 | D        | Reached skill level 15 in Necromancy
 13053 | D        | Gained mutation: Your spells are a little easier to cast,
                  | but a little less powerful. [an orb of fire]
 13054 | D        | Killed an orb of fire
 13055 | D        | Reached skill level 27 in Shields
 13059 | D        | Killed from afar by a Hell Sentinel

Illustrated notes

Levels and vault maps discovered:
D:        pitsprint [storerooms_1, entrance_room_1, metal_vault_5, armoury_3,
          mini_pit_1, grid_room_1, main_hall_1, silver_pit, the_coven_1,
          the_vestibule_1, steel_vault_5, golden_pit, hallway_of_sentries,
          crystal_vault_1, iron_vault_4, final_vault]

Skill      XL: |  1  2  3  4  5  6  7  8  9 10 11 12 13 14 15 16 17 18 19 20 |
---------------+-------------------------------------------------------------+-----
Earth Magic    | 6 7 9 13 15 17 18 19 20 | 20.0
Spellcasting   | 4 7 8 9 11 12 14 16 18 21 23 24 | 24.8
Ice Magic      | 6 7 9 11 12 15 18 | 18.3
Invocations    | 3 6 8 11 13 | 13.5
Fighting       | 4 7 10 13 14 15 16 20 22 | 22.8
Maces & Flails | 4 6 9 12 13 14 | 14.3
Dodging        | 3 6 8 10 11 12 13 15 17 | 17.4
Transmutations | 4 |  4.9
Conjurations   | 6 9 11 14 17 20 23 24 | 24.6
Translocations | 5 |  5.2
Necromancy     | 1 5 7 10 13 15 | 15.7
Evocations     | 2 6 10 13 15 | 15.4
Shields        | 8 19 21 22 25 27 | 27.0
Fire Magic     | 6 11 15 19 20 | 20.9
Armour         | 15 18 | 18.0
Stealth        | |  2.1

Action                   |  1- 3 |  4- 6 |  7- 9 | 10-12 | 13-15 | 16-18 | 19-21 || total
-------------------------+-------+-------+-------+-------+-------+-------+-------++-------
Melee: Mace              |    17 |    10 |    26 |    11 |   147 |   229 |   263 ||   703
       Whip              |       |       |       |       |       |    43 |   187 ||   230
 Cast: Sandblast         |    16 |     9 |       |       |       |       |       ||    25
       Stone Arrow       |       |     2 |       |       |     1 |       |       ||     3
       Lee's Rapid Decon |       |     2 |    23 |    49 |   171 |    80 |     7 ||   332
       Frozen Ramparts   |       |       |     2 |     4 |    14 |     3 |       ||    23
       Ozocubu's Armour  |       |       |     1 |     3 |    13 |     3 |     2 ||    22
       Lehudib's Crystal |       |       |       |     2 |     5 |       |     2 ||     9
       Blink             |       |       |       |       |     1 |     2 |       ||     3
       Fire Storm        |       |       |       |       |     2 |     7 |     6 ||    15
       Starburst         |       |       |       |       |       |     3 |       ||     3
       Dragon's Call     |       |       |       |       |       |     1 |       ||     1
       Absolute Zero     |       |       |       |       |       |     2 |     2 ||     4
Invok: Channel Magic     |       |       |     3 |     7 |    15 |     8 |       ||    33
       Divine Exegesis   |       |       |       |     2 |     7 |    10 |     6 ||    25
  Use: Potion            |     1 |     1 |       |     6 |     8 |     4 |     4 ||    24
       Scroll            |       |       |       |     1 |     3 |    14 |       ||    18
 Stab: Distracted        |       |       |       |       |       |     2 |       ||     2
       Sleeping          |       |       |       |       |       |     2 |     7 ||     9
Armor: Robe              |     7 |     3 |    12 |     5 |       |       |       ||    27
       Leather armour    |       |       |       |    17 |    61 |       |       ||    78
       Troll leather arm |       |       |       |       |     5 |    76 |   105 ||   186
Dodge: Dodged            |    13 |     8 |    34 |    49 |   130 |    81 |   125 ||   440
Block: Kite shield       |       |       |       |       |    41 |       |       ||    41
       Tower shield      |       |       |       |       |     1 |   243 |   272 ||   516

Table legend: (Time is in decaauts) A = Elapsed time spent in this place. B = Non-inter-level travel time spent in this place. C = Inter-level travel time spent in this place. D = Time resting spent in this place. E = Time spent auto-exploring this place. F = Levels seen in this place. G = Mean time per level. A B C D E F G +--------+--------+--------+--------+--------+-----+--------+ Total | 12959 | 12900 | 59 | 7332 | 0 | 1 | 12959.0 | Dungeon | 12959 | 12900 | 59 | 7332 | 0 | 1 | 12959.0 | +--------+--------+--------+--------+--------+-----+--------+

Top non-repeatable levels by time:
       D: 12959 daAuts
